AoeStats
← alexh30

Arabia

509745961Analyzed
1v1 RM · 5d ago on Sep 27, 2026· 24m 43s· 2 players
Game mode
Random Map
Map size
Tiny (2 player)
Population
200
Speed
Normal
Resources
Standard
Victory
Conquest
Starting age
Dark Age
Ending age
Imperial Age
RankedLock teamsTeams togetherTeam positionsShared explorationLock speedFull tech treeHidden civsTurbo modeCheats
Victory
Defeat
🇺🇸 Britons · United States
1010
+15
🇲🇽 Aztecs · Mexico
999
-15
F. King Nub
2:04 Loom
11:11 Feudal Age
12:00 Town Watch
12:28 Double-Bit Axe
13:22 Wheelbarrow
13:25 Horse Collar
alexh30
6:38 Loom
9:49 Feudal Age
10:25 Double-Bit Axe
10:21 Horse Collar
14:52 Fletching
22:33 Castle Age
21:48 Padded Archer Armor
21:42 Gold Mining
21:43 Stone Mining
22:34 Crossbowman
23:12 Bodkin Arrow
23:33 Leather Archer Armor
23:42 Husbandry
24:02 Scale Barding Armor
24:08 Forging
Connection lost

Rejoining the realm…

Still unreachable

The connection could not be restored.

Session expired

The server has moved on; the page needs a fresh start.